ITL
HAVANA ROLLERS @ PORTLAND PRIVATEERS
07/16/2027
 
TOP OF THE 1ST
Havana Rollers batting - Pitching for Portland Privateers : RHP Mario Ramos
Pitching: RHP Mario Ramos
Batting: LHB Rafael Delgado 0-0: SINGLE (Line Drive, 8RS)
Batting: RHB Jack Bailey 0-0: Foul Ball, location: 2F
0-1: Foul Ball, location: 2F
0-2: Ball
1-2: Foul Ball, location: 2F
1-2: Ball
2-2: DOUBLE (Line Drive, 9)
Rafael Delgado to third
Runner from 3rd tries for Home, SAFE, no throw
Batting: SHB Chris Bennis 0-0: Swinging Strike
0-1: Ball
1-1: Foul Ball, location: 2F
1-2: Ground out 4-3 (Groundball, 4)
Jack Bailey to third
Batting: LHB Phil Smith 0-0: Ball
1-0: Ball
2-0: SINGLE (Line Drive, 89S)
Jack Bailey scores
Batting: LHB Enrique Cortéz 0-0: Called Strike
0-1: Swinging Strike
0-2: SINGLE (Groundball, 4D)
Phil Smith to second
Runner from 2nd tries for 3rd, SAFE, throw made to third
Batting: RHB Yaichiro Sugahara 0-0: Called Strike
0-1: SINGLE (Line Drive, 78M)
Phil Smith scores
Enrique Cortéz to second
Batting: RHB Soshu Nakamura 0-0: Called Strike
0-1: Ball
1-1: Called Strike
1-2: Ball
2-2: SINGLE (Line Drive, 7S)
Enrique Cortéz to third
Yaichiro Sugahara to second
Runner from 3rd tries for Home, SAFE, no throw
Pitching: RHP Tom Clement
Batting: RHB Francisco Rincón 0-0: Ball
1-0: Swinging Strike
1-1: Ball
2-1: Ball
3-1: Base on Balls
Yaichiro Sugahara to third
Soshu Nakamura to second
Batting: LHB Juan Romero 0-0: Foul Ball, location: 2F
0-1: Ball
1-1: Fly out, F8 (Line Drive, 8LD)
Runner from 3rd tags up, SCORES, no throw
Batting: LHB Rafael Delgado 0-0: Called Strike
0-1: Called Strike
0-2: Strikes out looking
Top of the 1st over - 5 run(s), 6 hit(s), 0 error(s), 2 left on base; Havana 5 - Portland 0
BOTTOM OF THE 1ST
Portland Privateers batting - Pitching for Havana Rollers : RHP Pablo Sifventes
Pitching: RHP Pablo Sifventes
Batting: RHB Santiago Zambrano 0-0: Ball
1-0: Called Strike
1-1: Foul Ball, location: 2F
1-2: Strikes out swinging
Batting: RHB Dave Nelson 0-0: Ball
1-0: Foul Ball, location: 2F
1-1: Swinging Strike
1-2: SINGLE (Flyball, 9LS)
Batting: RHB Troy Lau 0-0: Called Strike
Pickoff Throw by Catcher to First - Error! E2
Dave Nelson to second
0-1: Foul Ball, location: 2F
0-2: Ball
1-2: Strikes out swinging
Batting: SHB Patrick Larson 0-0: Foul Ball, location: 2F
0-1: Swinging Strike
0-2: Strikes out looking
Bottom of the 1st over - 0 run(s), 1 hit(s), 1 error(s), 1 left on base; Havana 5 - Portland 0
TOP OF THE 2ND
Havana Rollers batting - Pitching for Portland Privateers : RHP Tom Clement
Batting: RHB Jack Bailey 0-0: Ball
1-0: Swinging Strike
1-1: Foul Ball, location: 2F
1-2: Ground out 5-3 (Groundball, 25)
Batting: SHB Chris Bennis 0-0: Called Strike
0-1: Swinging Strike
0-2: Ball
1-2: SINGLE (Flyball, 8RS)
Batting: LHB Phil Smith 0-0: Ball
1-0: Foul Ball, location: 2F
1-1: Ball
2-1: Foul Ball, location: 2F
2-2: Foul Ball, location: 2F
2-2: Foul Ball, location: 2F
2-2: Ball
3-2: Foul Ball, location: 2F
3-2: Foul Ball, location: 2F
3-2: Base on Balls
Chris Bennis to second
Pitching: RHP Ricardo Ontiveros
Batting: LHB Enrique Cortéz 0-0: Called Strike
0-1: Foul Ball, location: 2F
0-2: Ball
1-2: SINGLE (Groundball, 4D)
Chris Bennis to third
Phil Smith to second
Runner from 3rd tries for Home, throw and OUT!
Phil Smith to third
Enrique Cortéz to second
Batting: RHB Yaichiro Sugahara 0-0: Called Strike
0-1: Foul Ball, location: 2F
0-2: Ball
1-2: Strikes out swinging
Top of the 2nd over - 0 run(s), 2 hit(s), 0 error(s), 2 left on base; Havana 5 - Portland 0
BOTTOM OF THE 2ND
Portland Privateers batting - Pitching for Havana Rollers : RHP Pablo Sifventes
Batting: RHB Júlio Vélez 0-0: Ball
1-0: Called Strike
1-1: Called Strike
1-2: Strikes out swinging
Batting: LHB Juan Acotia 0-0: Ball
1-0: SINGLE (Groundball, 4MD)
Batting: LHB Jeff Dorney 0-0: Ball
1-0: Called Strike
1-1: Swinging Strike
1-2: Strikes out swinging
Batting: LHB Dillon Beck 0-0: Ball
1-0: Ball
2-0: 2-RUN HOME RUN (Line Drive, 9D), Distance : 382 ft
Batting: RHB José Balina 0-0: Called Strike
0-1: Fly out, F9 (Flyball, 9S)
Bottom of the 2nd over - 2 run(s), 2 hit(s), 0 error(s), 0 left on base; Havana 5 - Portland 2
TOP OF THE 3RD
Havana Rollers batting - Pitching for Portland Privateers : RHP Ricardo Ontiveros
Batting: RHB Soshu Nakamura 0-0: Ball
1-0: Ground out 1-3 (Groundball, 13S)
Batting: RHB Francisco Rincón 0-0: Ball
1-0: Ball
2-0: Ball
3-0: Called Strike
3-1: Called Strike
3-2: Foul Ball, location: 2F
3-2: Ground out 4-3 (Groundball, 4M)
Batting: LHB Juan Romero 0-0: Fly out, F7 (Line Drive, 7)
Top of the 3rd over - 0 run(s), 0 hit(s), 0 error(s), 0 left on base; Havana 5 - Portland 2
BOTTOM OF THE 3RD
Portland Privateers batting - Pitching for Havana Rollers : RHP Pablo Sifventes
Batting: RHB Santiago Zambrano 0-0: SINGLE (Line Drive, 7LM)
Batting: RHB Dave Nelson 0-0: Swinging Strike
0-1: Foul Ball, location: 2F
0-2: Foul Ball, location: 2F
0-2: Strikes out swinging
Batting: RHB Troy Lau 0-0: Called Strike
0-1: Swinging Strike
0-2: Ball
1-2: Ball
2-2: Ball
3-2: Foul Ball, location: 2F
3-2: Fly out, F7 (Flyball, 7LD)
Runner from 1st tags up, SAFE at 2nd
Batting: SHB Patrick Larson 0-0: Ball
1-0: Ball
2-0: Swinging Strike
2-1: Foul Ball, location: 2F
2-2: SINGLE (Groundball, 6MD)
Santiago Zambrano to third
Runner from 3rd tries for Home, SAFE, no throw
Batting: RHB Júlio Vélez 0-0: Ball
1-0: Foul Ball, location: 2F
1-1: Ground out 5-3 (Groundball, 56S)
Bottom of the 3rd over - 1 run(s), 2 hit(s), 0 error(s), 1 left on base; Havana 5 - Portland 3
TOP OF THE 4TH
Havana Rollers batting - Pitching for Portland Privateers : RHP Ricardo Ontiveros
Batting: LHB Rafael Delgado 0-0: Ball
1-0: Fly out, F7 (Flyball, 7D)
Batting: RHB Jack Bailey 0-0: Foul Ball, location: 2F
0-1: Foul Ball, location: 2F
0-2: Ball
1-2: Foul Ball, location: 2F
1-2: Foul Ball, location: 2F
1-2: SINGLE (Line Drive, 4MD)
Batting: SHB Chris Bennis 0-0: Ball
1-0: Ball
2-0: SINGLE (Line Drive, 7LS)
Jack Bailey to second
Batting: LHB Phil Smith 0-0: Swinging Strike
0-1: Called Strike
0-2: Ball
1-2: Ball
2-2: SINGLE (Flyball, 8RS)
Jack Bailey to third
Chris Bennis to second
Batting: LHB Enrique Cortéz 0-0: Ball
1-0: Ball
2-0: Called Strike
2-1: SINGLE (Line Drive, 9S)
Jack Bailey scores
Chris Bennis to third
Phil Smith to second
Runner from 3rd tries for Home, throw and OUT!
Phil Smith to third
Enrique Cortéz to second
Batting: RHB Yaichiro Sugahara 0-0: Foul Ball, location: 2F
0-1: Foul Ball, location: 2F
0-2: Ball
1-2: Foul Ball, location: 2F
1-2: Foul Ball, location: 2F
1-2: Foul Ball, location: 2F
1-2: Ground out 6-3 (Groundball, 6)
Top of the 4th over - 1 run(s), 4 hit(s), 0 error(s), 2 left on base; Havana 6 - Portland 3
BOTTOM OF THE 4TH
Portland Privateers batting - Pitching for Havana Rollers : RHP Pablo Sifventes
Batting: LHB Juan Acotia 0-0: Ball
1-0: Ball
2-0: Ball
3-0: Called Strike
3-1: Called Strike
3-2: Foul Ball, location: 2F
3-2: Base on Balls
Batting: LHB Jeff Dorney 0-0: Called Strike
0-1: Foul Ball, location: 2F
0-2: Foul Ball, location: 2F
0-2: Ball
1-2: SINGLE (Groundball, 56D)
Juan Acotia to second
Batting: LHB Dillon Beck 0-0: Ball
1-0: Ball
2-0: Foul Ball, location: 2F
2-1: Ball
3-1: SINGLE (Line Drive, 7S)
Juan Acotia to third
Jeff Dorney to second
Batting: RHB José Balina 0-0: Called Strike
0-1: Grounds into double play, 4-6-3 (Groundball, 4)
Juan Acotia scores
Jeff Dorney to third
Batting: RHB Santiago Zambrano 0-0: Called Strike
0-1: Ball
1-1: Ball
2-1: Called Strike
2-2: Strikes out swinging
Bottom of the 4th over - 1 run(s), 2 hit(s), 0 error(s), 1 left on base; Havana 6 - Portland 4
TOP OF THE 5TH
Havana Rollers batting - Pitching for Portland Privateers : RHP Ricardo Ontiveros
Pitching: RHP Cade Baird
Batting: RHB Soshu Nakamura 0-0: Ball
1-0: Called Strike
1-1: TRIPLE (Flyball, 7LS)
Batting: RHB Francisco Rincón 0-0: Ball
1-0: Called Strike
1-1: Called Strike
1-2: Strikes out swinging
Batting: LHB Juan Romero 0-0: Ball
1-0: Foul Ball, location: 2F
1-1: Ball
2-1: Ball
3-1: Fly out, F9 (Flyball, 9D)
Runner from 3rd tags up, SCORES, no throw
Batting: LHB Rafael Delgado 0-0: Foul Ball, location: 2F
0-1: SINGLE (Groundball, 56D)
Batting: RHB Jack Bailey 0-0: Ball
1-0: Ball
2-0: Fielders Choice at 2nd, 4-6 (Groundball, 4)
Top of the 5th over - 1 run(s), 2 hit(s), 0 error(s), 0 left on base; Havana 7 - Portland 4
BOTTOM OF THE 5TH
Portland Privateers batting - Pitching for Havana Rollers : RHP Pablo Sifventes
Batting: RHB Dave Nelson 0-0: Ball
1-0: Ground out 5-3 (Groundball, 56)
Batting: RHB Troy Lau 0-0: Ball
1-0: Foul Ball, location: 2F
1-1: Foul Ball, location: 2F
1-2: Ball
2-2: Ground out 4-3 (Groundball, 4S)
Batting: SHB Patrick Larson 0-0: Called Strike
0-1: Foul Ball, location: 2F
0-2: Strikes out swinging
Bottom of the 5th over - 0 run(s), 0 hit(s), 0 error(s), 0 left on base; Havana 7 - Portland 4
TOP OF THE 6TH
Havana Rollers batting - Pitching for Portland Privateers : RHP Cade Baird
Batting: SHB Chris Bennis 0-0: Called Strike
0-1: Fly out, F8 (Flyball, 89D)
Batting: LHB Phil Smith 0-0: Ball
1-0: Ball
2-0: Called Strike
2-1: SINGLE (Groundball, 34D)
Batting: LHB Enrique Cortéz 0-0: Foul Ball, location: 2F
0-1: SINGLE (Groundball, 34D)
Phil Smith to second
Runner from 2nd tries for 3rd, OUT!
Enrique Cortéz to second
Batting: RHB Yaichiro Sugahara 0-0: Foul Ball, location: 2F
0-1: Called Strike
0-2: Foul Ball, location: 2F
0-2: Strikes out looking
Top of the 6th over - 0 run(s), 2 hit(s), 0 error(s), 1 left on base; Havana 7 - Portland 4
BOTTOM OF THE 6TH
Portland Privateers batting - Pitching for Havana Rollers : RHP Pablo Sifventes
Pitching: RHP Kei Hashimoto
Batting: RHB Júlio Vélez 0-0: Called Strike
0-1: Foul Ball, location: 2F
0-2: Ball
1-2: Foul Ball, location: 2F
1-2: Strikes out swinging, 2-3 out at first.
Batting: LHB Juan Acotia 0-0: Called Strike
0-1: Called Strike
0-2: Ball
1-2: Fly out, F9 (Line Drive, 9)
Batting: LHB Jeff Dorney 0-0: Swinging Strike
0-1: Called Strike
0-2: Strikes out looking
Bottom of the 6th over - 0 run(s), 0 hit(s), 0 error(s), 0 left on base; Havana 7 - Portland 4
TOP OF THE 7TH
Havana Rollers batting - Pitching for Portland Privateers : RHP Cade Baird
Batting: RHB Soshu Nakamura 0-0: Ball
1-0: Called Strike
1-1: Ball
2-1: Ball
3-1: Swinging Strike
3-2: Base on Balls
Batting: RHB Francisco Rincón 0-0: Ball
1-0: Bunted foul
1-1: Sac Bunt - play at first, batter OUT! 2-4
Soshu Nakamura to second
Batting: LHB Juan Romero 0-0: Foul Ball, location: 2F
0-1: Fly out, F7 (Flyball, 7S)
Batting: LHB Rafael Delgado 0-0: Ball
1-0: Ball
2-0: Foul Ball, location: 2F
2-1: Ground out 1-3 (Groundball, P)
Top of the 7th over - 0 run(s), 0 hit(s), 0 error(s), 1 left on base; Havana 7 - Portland 4
BOTTOM OF THE 7TH
Portland Privateers batting - Pitching for Havana Rollers : RHP Kei Hashimoto
Batting: LHB Dillon Beck 0-0: Foul Ball, location: 2F
0-1: Ball
1-1: Ball
2-1: Called Strike
2-2: Ball
3-2: Foul Ball, location: 2F
3-2: Base on Balls
Batting: RHB José Balina 0-0: Called Strike
0-1: Ball
1-1: Foul Ball, location: 2F
1-2: Ball
2-2: Strikes out swinging
Batting: RHB Santiago Zambrano Pickoff Throw to First - Out!
0-0: Ball
1-0: Foul Ball, location: 2F
1-1: Swinging Strike
1-2: Ball
2-2: Ball
3-2: Strikes out swinging
Bottom of the 7th over - 0 run(s), 0 hit(s), 0 error(s), 0 left on base; Havana 7 - Portland 4
TOP OF THE 8TH
Havana Rollers batting - Pitching for Portland Privateers : RHP Cade Baird
Pitching: LHP Mike Campbell
Batting: RHB Jack Bailey 0-0: Foul Ball, location: 2F
0-1: DOUBLE (Flyball, 78D)
Batting: SHB Chris Bennis 0-0: Ball
1-0: Ball
2-0: Ball
3-0: Base on Balls
Batting: LHB Phil Smith 0-0: SINGLE (Groundball, 34D)
Jack Bailey to third
Chris Bennis to second
Pinch Hitting: RHB Ed Sims 0-0: Ball
1-0: Called Strike
1-1: Ball
2-1: Foul Ball, location: 2F
2-2: Ball
3-2: Base on Balls
Jack Bailey scores
Chris Bennis to third
Phil Smith to second
Batting: RHB Yaichiro Sugahara 0-0: Ball
1-0: Ball
2-0: Called Strike
2-1: Ball
3-1: Foul Ball, location: 2F
3-2: Base on Balls
Chris Bennis scores
Phil Smith to third
Ed Sims to second
Pitching: RHP Carlos Molina
Batting: RHB Soshu Nakamura 0-0: Ball
1-0: Foul Ball, location: 2F
1-1: Ball
2-1: SINGLE (Groundball, 56D)
Phil Smith scores
Ed Sims to third
Yaichiro Sugahara to second
Batting: RHB Francisco Rincón 0-0: Foul Ball, location: 2F
0-1: Ball
1-1: Foul Ball, location: 2F
1-2: Fly out, F9 (Flyball, 9)
Runner from 3rd tags up, SCORES, throw made
Batting: LHB Juan Romero 0-0: Called Strike
0-1: Ball
1-1: Swinging Strike
1-2: Ball
2-2: Ball
3-2: Fielders Choice at 2nd, 3-6 (Groundball, 34)
Yaichiro Sugahara to third
Batting: LHB Rafael Delgado 0-0: SINGLE (Line Drive, 5D)
Yaichiro Sugahara scores
Juan Romero to second
Batting: RHB Jack Bailey 0-0: Foul Ball, location: 2F
0-1: Ball
1-1: Called Strike
1-2: Ball
2-2: Ball
3-2: Base on Balls
Juan Romero to third
Rafael Delgado to second
Batting: SHB Chris Bennis 0-0: Ball
1-0: Called Strike
1-1: Ball
2-1: Foul Ball, location: 2F
2-2: Ball
3-2: Ground out 5-3 (Groundball, 2L)
Top of the 8th over - 5 run(s), 4 hit(s), 0 error(s), 3 left on base; Havana 12 - Portland 4
BOTTOM OF THE 8TH
Portland Privateers batting - Pitching for Havana Rollers : RHP Kei Hashimoto
Now at 1B: Zhi-huan Loong
Now in LF: Paul Bailey
Now in RF: Jimmy Husted
Batting: RHB Dave Nelson 0-0: Ball
1-0: Foul Ball, location: 2F
1-1: Foul Ball, location: 2F
1-2: Ball
2-2: Strikes out swinging
Batting: RHB Troy Lau 0-0: Swinging Strike
0-1: Fly out, F5 (Popup, 5L)
Batting: SHB Patrick Larson 0-0: Called Strike
0-1: Ground out 5-3 (Groundball, 5)
Bottom of the 8th over - 0 run(s), 0 hit(s), 0 error(s), 0 left on base; Havana 12 - Portland 4
TOP OF THE 9TH
Havana Rollers batting - Pitching for Portland Privateers : RHP Carlos Molina
Batting: LHB Phil Smith 0-0: DOUBLE (Flyball, 9LM)
Batting: LHB Jimmy Husted 0-0: Ball
1-0: Foul Ball, location: 2F
1-1: Swinging Strike
1-2: Strikes out swinging wild pitch, reaches first!
Phil Smith to third
Batting: RHB Yaichiro Sugahara 0-0: Ball
1-0: Ball
Jimmy Husted steals 2nd base
2-0: Fly out, F9 (Flyball, 9LS)
Batting: RHB Soshu Nakamura 0-0: Swinging Strike
0-1: Ball
1-1: Called Strike
1-2: Foul Ball, location: 2F
1-2: Ground out 5-3 (Groundball, 5)
Batting: RHB Francisco Rincón 0-0: Ball
1-0: SINGLE (Flyball, 8LS)
Phil Smith scores
Jimmy Husted to third
Runner from 3rd tries for Home, SAFE, no throw
Batting: LHB Juan Romero 0-0: Ball
1-0: Called Strike
1-1: Called Strike
1-2: Fly out, F8 (Flyball, 8LM)
Top of the 9th over - 2 run(s), 2 hit(s), 0 error(s), 1 left on base; Havana 14 - Portland 4
BOTTOM OF THE 9TH
Portland Privateers batting - Pitching for Havana Rollers : RHP Kei Hashimoto
Batting: RHB Júlio Vélez 0-0: Ball
1-0: Called Strike
1-1: Foul Ball, location: 2F
1-2: Foul Ball, location: 2F
1-2: Fly out, F6 (Popup, 6D)
Batting: LHB Juan Acotia 0-0: Ball
1-0: Called Strike
1-1: Called Strike
1-2: Foul Ball, location: 2F
1-2: Strikes out swinging
Batting: LHB Jeff Dorney 0-0: Ball
1-0: Ball
2-0: Called Strike
2-1: Fly out, F9 (Flyball, 89M)
Bottom of the 9th over - 0 run(s), 0 hit(s), 0 error(s), 0 left on base; Havana 14 - Portland 4
Thursday, March 30th, 2017 - OOTP Baseball 17.12 Build 75